 Dungeon Crawl Stone Soup version 0.24-a0-813-g0f74319 (webtiles) character file.

Game seed: 13557596312425363236, levelgen mode: deterministic

150 Faca the Digger (level 5, -5/32 HPs)
             Began as a Gargoyle Earth Elementalist on Oct 12, 2019.
             Slain by an orc warrior
             ... wielding a +0 short sword
              (15 damage)
             ... on level 3 of the Dungeon.
             The game lasted 00:09:25 (2680 turns).

Faca the Digger (Gargoyle Earth Elementalist)       Turns: 2680, Time: 00:09:26

Health: -5/32      AC:  9    Str: 12    XL:     5   Next: 32%
Magic:  8/8        EV: 10    Int: 16    God:
Gold:   89         SH:  0    Dex: 10    Spells: 7/8 levels left

rFire    . . .     SeeInvis .   i - +1 mace
rCold    . . .     Gourm    .   (no shield)
rNeg     + . .     Faith    .   l - +0 ring mail
rPois    ∞         Spirit   .   (no helmet)
rElec    +         Reflect  .   (no cloak)
rCorr    .         Harm     .   (no gloves)
MR       .....                  (no boots)
Stlth    +.........             (no amulet)
HPRegen  0.10/turn              (no ring)
MPRegen  0.11/turn              (no ring)

@: no status effects
A: negative energy resistance 1, electricity resistance, unbreathing,
petrification resistance, rot immunity, AC +4
a: no special abilities


You were on level 3 of the Dungeon.
You were very hungry.

You visited 1 branch of the dungeon, and saw 3 of its levels.

You collected 89 gold pieces.

Inventory:

Hand Weapons
 i - a +1 mace (weapon)
Missiles
 b - 131 stones (quivered)
Armour
 l - a +0 ring mail (worn)
Wands
 h - a wand of polymorph (8)
Scrolls
 a - 2 scrolls of magic mapping {unknown}
 e - a scroll of enchant weapon
 f - 2 scrolls of teleportation
Potions
 c - a potion of invisibility
 g - a potion of berserk rage
 k - a potion of curing
 m - a potion of mutation
Comestibles
 d - 3 rations


   Skills:
 + Level 3.6 Fighting
 + Level 2.9 Maces & Flails
 - Level 1.5 Dodging
 - Level 2.1 Stealth
 - Level 1.1 Unarmed Combat
 - Level 2.0 Spellcasting
   Level 0.7 Transmutations
 - Level 3.6 Earth Magic


You had 7 spell levels left.
You knew the following spells:

 Your Spells              Type           Power        Failure   Level  Hunger
a - Sandblast             Erth           ##....       11%         1    #......

Your spell library contained the following spells:

 Spells                   Type           Power        Failure   Level  Hunger
 Passwall                 Tmut/Erth      #.......     28%         2    ###....
 Stone Arrow              Conj/Erth      #.....       56%         3    ###....
 Petrify                  Tmut/Erth      #.......     88%         4    #####..
 Lee's Rapid Deconstruct  Erth           ##........   96%         5    ######.


Dungeon Overview and Level Annotations

Branches:
Dungeon (3/15)

Altars:
Cheibriados
The Shining One


Innate Abilities, Weirdness & Mutations

You are resistant to torment.
Your stone body is resilient. (AC +4)
You are immune to poison.
You resist negative energy. (rN+)
You are resistant to electric shocks. (rElec)
You can survive without breathing.
You are immune to petrification.
You are immune to rotting.


Message History

There is a stone staircase leading up here.
The orc warrior shouts!
You hear a shout!
An orc comes into view. It is wielding a -3 hand axe.
Casting: Sandblast (safe; 11% risk of failure)
Confirm with . or Enter, or press ? or * to list all spells.
Aiming: Sandblast (safe; 11% risk of failure)
Press: ? - help, Shift-Dir - straight line, f - orc warrior
Aim: an orc warrior, wielding a +0 short sword and wearing a +0 plate armour The blast of sand hits the orc warrior but does no damage.
b - 131 stones You hit the orc warrior but do no damage.
The orc warrior hits you with a +0 short sword!
A rat comes into view.
The orc warrior hits you with a +0 short sword!
* * * LOW HITPOINT WARNING * * *
You hit the rat.
The rat is heavily wounded.
The rat closely misses you.
The orc warrior hits you with a +0 short sword!
You die...

.... ..........#
.........
.........#
###.........#
########...........
..o...............
########.##.#?##r#
# #.# ... #@#
###### #.. ..# #o#
.....#######.# #.#
##.[..# #.# #o#
##.##.## #o# #o#
##.##..#####.# #.#
##.##.o......# #.#
##o#....####.# #.#
..o#.##.#..o####.#


You could see an orc warrior, 2 orcs and a rat.

Vanquished Creatures
  Robin (D:2)
  6 adders
  An ooze (D:1)
  4 dart slugs
  A ball python (D:1)
  5 giant cockroaches
  18 goblins
  5 hobgoblins
  6 jackals (D:1)
  4 kobolds
  7 bats
  2 frilled lizards (D:2)
  7 rats
67 creatures vanquished.

Notes
Turn   | Place    | Note
-------+----------+-------------------------------------------
     0 | D:1      | Faca the Gargoyle Earth Elementalist began the quest for
                  | the Orb.
     0 | D:1      | Reached XP level 1. HP: 10/10 MP: 3/3
    49 | D:1      | Reached skill level 1 in Fighting
    49 | D:1      | Reached skill level 1 in Unarmed Combat
    49 | D:1      | Reached XP level 2. HP: 16/16 MP: 0/5
   464 | D:1      | Reached skill level 1 in Maces & Flails
   464 | D:1      | Reached XP level 3. HP: 7/21 MP: 2/6
  1128 | D:2      | Reached XP level 4. HP: 25/27 MP: 5/7
  1547 | D:2      | Noticed Robin
  1621 | D:2      | Found a snail-covered altar of Cheibriados.
  1748 | D:2      | Killed Robin
  1748 | D:2      | Reached XP level 5. HP: 30/32 MP: 8/8
  1792 | D:2      | Found a glowing golden altar of the Shining One.
  2188 | D:3      | Found a faded altar of an unknown god.
  2376 | D:3      | Noticed an orc warrior
  2680 | D:3      | Slain by an orc warrior

Levels and vault maps discovered:
D:1:      scummos_arrival_gate, layout_rooms
D:2:      layout_loops_ring, cheibriados_altar_1,
          nicolae_tso_swordbearing_angel, uniq_robin
D:3:      layout_basic, yredelemnul_altar_generic,
          chequers_ecumenical_altar_simple_redux

Skill      XL: |  1  2  3  4 |
---------------+-------------+-----
Fighting       | 1 2 3 |  3.6
Unarmed Combat | 1 |  1.1
Maces & Flails | 1 2 |  2.9
Dodging        | |  1.5
Stealth        | |  2.1
Spellcasting   | |  2.0
Transmutations | |  0.7
Earth Magic    | |  3.6

Action                   |  1- 3 |  4- 6 || total
-------------------------+-------+-------++-------
Melee: Dagger            |     6 |       ||     6
       Unarmed           |     1 |       ||     1
       Mace              |    62 |   155 ||   217
       Punch             |       |     1 ||     1
 Cast: Sandblast         |    20 |     5 ||    25
  Use: Scroll            |       |     9 ||     9
 Stab: Sleeping          |       |     1 ||     1
  Eat: Chunk             |       |     5 ||     5
Armor: Robe              |    22 |       ||    22
       Ring mail         |    11 |   102 ||   113
Dodge: Dodged            |    71 |   113 ||   184

Table legend:
 A = Non-vault XP
 B = Vault XP
 C = Vault XP percentage of total XP
 D = Non-vault monster count
 E = Vault monster count
 F = Vault count percentage of total count
                 A         B        C        D         E       F
            +---------+---------+-------+---------+---------+-------
      Total |     176 |      39 |  18.1 |      54 |      13 |  19.4
            +---------+---------+-------+---------+---------+-------
        D:1 |      57 |       0 |   0.0 |      27 |       0 |   0.0
        D:2 |     104 |      39 |  27.3 |      24 |      13 |  35.1
        D:3 |      15 |       0 |   0.0 |       3 |       0 |   0.0
            +---------+---------+-------+---------+---------+-------
